MLB
SAN DIEGO PADRES @ ARIZONA DIAMONDBACKS
07/04/2047
 
TOP OF THE 1ST
San Diego Padres batting - Pitching for Arizona Diamondbacks : RHP Nate Machado
Pitching: RHP Nate Machado
Batting: LHB Mike Holt 0-0: Swinging Strike
0-1: Called Strike
0-2: Ball
1-2: Strikes out swinging
Batting: RHB Dietmar Warmisch 0-0: Called Strike
0-1: Ball
1-1: Foul Ball, location: 2F
1-2: Fly out, F3 (Popup, 3D, EV 64.4 MPH)
Batting: SHB Phil Zacharia 0-0: Called Strike
0-1: Foul Ball, location: 2F
0-2: Ball
1-2: Foul Ball, location: 2F
1-2: Strikes out swinging
Top of the 1st over - 0 runs, 0 hits, 0 errors, 0 left on base; San Diego 0 - Arizona 0
BOTTOM OF THE 1ST
Arizona Diamondbacks batting - Pitching for San Diego Padres : LHP Matt Wheeler
Pitching: LHP Matt Wheeler
Batting: RHB Andy Swaim 0-0: Called Strike
0-1: Swinging Strike
0-2: Foul Ball, location: 2F
0-2: Foul Ball, location: 2F
0-2: Ball
1-2: Fly out, F9 (Flyball, 89S, EV 77.5 MPH)
Batting: RHB Ruben Velasco 0-0: SOLO HOME RUN (Flyball, 78XD, EV 108.1 MPH), Distance : 427 ft
Batting: RHB Katilimomi Kelekolio 0-0: Called Strike
0-1: Ball
1-1: Swinging Strike
1-2: Strikes out swinging
Batting: SHB Alec Thorpe 0-0: Ground out 5-3 (Groundball, 56, EV 95.0 MPH)
Bottom of the 1st over - 1 run, 1 hit, 0 errors, 0 left on base; San Diego 0 - Arizona 1
TOP OF THE 2ND
San Diego Padres batting - Pitching for Arizona Diamondbacks : RHP Nate Machado
Batting: LHB Aaron LeBlanc 0-0: Ball
1-0: Ball
2-0: Called Strike
2-1: Called Strike
2-2: Ball
3-2: Ground out 3-1 (Groundball, 34, EV 82.5 MPH)
Batting: LHB Ryan Flynn Jr. 0-0: Ball
1-0: Called Strike
1-1: Foul Ball, location: 2F
1-2: Strikes out swinging
Batting: RHB Chiel Palstermans 0-0: Ball
1-0: Called Strike
1-1: Called Strike
1-2: Ball
2-2: Strikes out looking
Top of the 2nd over - 0 runs, 0 hits, 0 errors, 0 left on base; San Diego 0 - Arizona 1
BOTTOM OF THE 2ND
Arizona Diamondbacks batting - Pitching for San Diego Padres : LHP Matt Wheeler
Batting: SHB Salvador Aragon 0-0: Fly out, F9 (Flyball, 9S, EV 90.0 MPH)
Batting: RHB Zhi-bin Ou-yang 0-0: Reached on error, E4 (Groundball, 4, EV 90.0 MPH)
Batting: RHB Billy Crookston 0-0: Ball
1-0: Ball
2-0: Foul Ball, location: 2F
2-1: SINGLE (Groundball, 6MD, EV 95.6 MPH)
Zhi-bin Ou-yang to third
Batting: LHB Roy Steigerwald 0-0: Foul Ball, location: 2F
0-1: Fielders Choice at 2nd, 5-4 (Groundball, 6, EV 81.9 MPH)
Zhi-bin Ou-yang scores
Batting: LHB Mike Mentzer 0-0: Ball
1-0: Called Strike
1-1: Called Strike
1-2: Ball
2-2: SINGLE (Line Drive, 4D, EV 99.4 MPH)
Roy Steigerwald to second
Runner from 2nd tries for 3rd, SAFE, no throw by CF
Batting: RHB Andy Swaim 0-0: Ball
1-0: Called Strike
1-1: Ball
2-1: Swinging Strike
2-2: Strikes out swinging
Bottom of the 2nd over - 1 run, 2 hits, 1 error, 2 left on base; San Diego 0 - Arizona 2
TOP OF THE 3RD
San Diego Padres batting - Pitching for Arizona Diamondbacks : RHP Nate Machado
Batting: SHB Quido van Erp 0-0: Ball
1-0: Called Strike
1-1: Ball
2-1: Swinging Strike
2-2: Strikes out swinging
Batting: RHB Jose Morrissey 0-0: Called Strike
0-1: Foul Ball, location: 2F
0-2: Ball
1-2: Strikes out swinging
Batting: RHB Rodolfo Rivera 0-0: Ball
1-0: Ball
2-0: Called Strike
2-1: Called Strike
2-2: Foul Ball, location: 2F
2-2: Ball
3-2: Strikes out swinging
Top of the 3rd over - 0 runs, 0 hits, 0 errors, 0 left on base; San Diego 0 - Arizona 2
BOTTOM OF THE 3RD
Arizona Diamondbacks batting - Pitching for San Diego Padres : LHP Matt Wheeler
Batting: RHB Ruben Velasco 0-0: Ball
1-0: Called Strike
1-1: Ball
2-1: Foul Ball, location: 2F
2-2: Foul Ball, location: 2F
2-2: Foul Ball, location: 2F
2-2: Strikes out swinging
Batting: RHB Katilimomi Kelekolio 0-0: Fly out, F9 (Flyball, 9D, EV 80.0 MPH)
Batting: SHB Alec Thorpe 0-0: Swinging Strike
0-1: Ground out 3-1 (Groundball, 34S, EV 86.2 MPH)
Bottom of the 3rd over - 0 runs, 0 hits, 0 errors, 0 left on base; San Diego 0 - Arizona 2
TOP OF THE 4TH
San Diego Padres batting - Pitching for Arizona Diamondbacks : RHP Nate Machado
Batting: LHB Mike Holt 0-0: Ball
1-0: Called Strike
1-1: Foul Ball, location: 2F
1-2: Ball
2-2: Strikes out looking
Batting: RHB Dietmar Warmisch 0-0: Called Strike
0-1: Ball
1-1: Foul Ball, location: 2F
1-2: Ball
2-2: Foul Ball, location: 2F
2-2: Foul Ball, location: 2F
2-2: Strikes out swinging
Batting: SHB Phil Zacharia 0-0: Ball
1-0: Foul Ball, location: 2F
1-1: Foul Ball, location: 2F
1-2: Foul Ball, location: 2F
1-2: Foul Ball, location: 2F
1-2: Foul Ball, location: 2F
1-2: Ball
2-2: Foul Ball, location: 2F
2-2: SOLO HOME RUN (Flyball, 7LD, EV 91.9 MPH), Distance : 336 ft
Batting: LHB Aaron LeBlanc 0-0: Called Strike
0-1: Ball
1-1: Ball
2-1: Ball
3-1: Foul Ball, location: 2F
3-2: SINGLE (Groundball, 4MD, EV 103.8 MPH) (infield hit)
Batting: LHB Ryan Flynn Jr. 0-0: Ball
1-0: Swinging Strike
1-1: Ball
Wild Pitch!
Aaron LeBlanc to second
2-1: Foul Ball, location: 2F
2-2: Ball
3-2: Base on Balls
Batting: RHB Chiel Palstermans 0-0: Called Strike
0-1: Ball
1-1: Foul Ball, location: 2F
1-2: Ball
2-2: Foul Ball, location: 2F
2-2: Ball
3-2: Strikes out swinging
Top of the 4th over - 1 run, 2 hits, 0 errors, 2 left on base; San Diego 1 - Arizona 2
BOTTOM OF THE 4TH
Arizona Diamondbacks batting - Pitching for San Diego Padres : LHP Matt Wheeler
Batting: SHB Salvador Aragon 0-0: Called Strike
0-1: Ball
1-1: Foul Ball, location: 2F
1-2: Ball
2-2: Foul Ball, location: 2F
2-2: Fly out, F4 (Popup, 34, EV 80.0 MPH)
Batting: RHB Zhi-bin Ou-yang 0-0: Ball
1-0: Ground out 6-3 (Groundball, 6M, EV 82.5 MPH)
Batting: RHB Billy Crookston 0-0: Ball
1-0: Foul Ball, location: 2F
1-1: Called Strike
1-2: Ball
2-2: Ball
3-2: Foul Ball, location: 2F
3-2: Fly out, F8 (Line Drive, 8LM, EV 93.8 MPH)
Bottom of the 4th over - 0 runs, 0 hits, 0 errors, 0 left on base; San Diego 1 - Arizona 2
TOP OF THE 5TH
San Diego Padres batting - Pitching for Arizona Diamondbacks : RHP Nate Machado
Batting: SHB Quido van Erp 0-0: Called Strike
0-1: Ball
1-1: Swinging Strike
1-2: Strikes out swinging
Batting: RHB Jose Morrissey 0-0: Ball
1-0: Called Strike
1-1: Foul Ball, location: 2F
1-2: Ball
2-2: Strikes out swinging
Batting: RHB Rodolfo Rivera 0-0: Foul Ball, location: 2F
0-1: Foul Ball, location: 2F
0-2: Foul Ball, location: 2F
0-2: Ball
1-2: Fly out, F7 (Flyball, 7D, EV 87.5 MPH)
Top of the 5th over - 0 runs, 0 hits, 0 errors, 0 left on base; San Diego 1 - Arizona 2
BOTTOM OF THE 5TH
Arizona Diamondbacks batting - Pitching for San Diego Padres : LHP Matt Wheeler
Batting: LHB Roy Steigerwald 0-0: Ball
1-0: Ball
2-0: Ball
3-0: Called Strike
3-1: Fly out, F7 (Line Drive, 78M, EV 103.1 MPH)
Batting: LHB Mike Mentzer 0-0: Called Strike
0-1: Ground out U3 (Groundball, 3, EV 90.0 MPH)
Batting: RHB Andy Swaim 0-0: Ball
1-0: Ball
2-0: Ball
3-0: Foul Ball, location: 2F
3-1: Foul Ball, location: 2F
3-2: SINGLE (Line Drive, 56D, EV 97.5 MPH)
Batting: RHB Ruben Velasco 0-0: Called Strike
0-1: Ball
1-1: Foul Ball, location: 2F
1-2: Ball
2-2: Foul Ball, location: 2F
2-2: Fielders Choice at 2nd, U6 (Groundball, 6M, EV 81.9 MPH)
Bottom of the 5th over - 0 runs, 1 hit, 0 errors, 1 left on base; San Diego 1 - Arizona 2
TOP OF THE 6TH
San Diego Padres batting - Pitching for Arizona Diamondbacks : RHP Nate Machado
Batting: LHB Mike Holt 0-0: Ball
1-0: Foul Ball, location: 2F
1-1: Called Strike
1-2: Fly out, F8 (Flyball, 8LD, EV 100.0 MPH)
Batting: RHB Dietmar Warmisch 0-0: Ball
1-0: Ball
2-0: Foul Ball, location: 2F
2-1: Foul Ball, location: 2F
2-2: Ball
3-2: Ground out U3 (Groundball, 34, EV 81.2 MPH)
Batting: SHB Phil Zacharia 0-0: Ball
1-0: Swinging Strike
1-1: Foul Ball, location: 2F
1-2: Foul Ball, location: 2F
1-2: Ball
2-2: Foul Ball, location: 2F
2-2: SINGLE (Line Drive, 7S, EV 98.1 MPH)
Pitching: RHP Nick Burcham
Batting: LHB Aaron LeBlanc 0-0: Called Strike
0-1: Ball
1-1: Ball
2-1: Fly out, F8 (Flyball, 78XD, EV 105.0 MPH)
Top of the 6th over - 0 runs, 1 hit, 0 errors, 1 left on base; San Diego 1 - Arizona 2
BOTTOM OF THE 6TH
Arizona Diamondbacks batting - Pitching for San Diego Padres : LHP Matt Wheeler
Batting: RHB Katilimomi Kelekolio 0-0: TRIPLE (Groundball, 3L, EV 101.2 MPH)
Batting: SHB Alec Thorpe 0-0: Ball
1-0: Ball
2-0: Called Strike
2-1: Foul Ball, location: 2F
2-2: Ball
3-2: SINGLE (Groundball, 56, EV 104.4 MPH)
Katilimomi Kelekolio scores
Batting: SHB Salvador Aragon 0-0: Called Strike
0-1: Foul Ball, location: 2F
0-2: Ball
1-2: Ball
2-2: Foul Ball, location: 2F
2-2: Strikes out looking
Batting: RHB Zhi-bin Ou-yang 0-0: Called Strike
0-1: Ball
1-1: Ball
2-1: Ground out 6-3 (Groundball, 6S, EV 69.4 MPH)
Alec Thorpe to second
Batting: RHB Billy Crookston 0-0: Foul Ball, location: 2F
0-1: Fly out, F7 (Line Drive, 78M, EV 98.1 MPH)
Bottom of the 6th over - 1 run, 2 hits, 0 errors, 1 left on base; San Diego 1 - Arizona 3
TOP OF THE 7TH
San Diego Padres batting - Pitching for Arizona Diamondbacks : RHP Nick Burcham
Batting: LHB Ryan Flynn Jr. 0-0: Ball
1-0: Ball
2-0: Called Strike
2-1: Foul Ball, location: 2F
2-2: Strikes out looking
Batting: RHB Chiel Palstermans 0-0: Called Strike
0-1: Called Strike
0-2: Ball
1-2: Ball
2-2: DOUBLE (Flyball, 8LXD, EV 108.1 MPH)
Batting: SHB Quido van Erp 0-0: Foul Ball, location: 2F
0-1: Fly out, F6 (Line Drive, 4M, EV 75.0 MPH)
Batting: RHB Jose Morrissey 0-0: Ball
1-0: Foul Ball, location: 2F
1-1: Ball
2-1: Fly out, F8 (Line Drive, 8RM, EV 106.9 MPH)
Top of the 7th over - 0 runs, 1 hit, 0 errors, 1 left on base; San Diego 1 - Arizona 3
BOTTOM OF THE 7TH
Arizona Diamondbacks batting - Pitching for San Diego Padres : LHP Matt Wheeler
Batting: LHB Roy Steigerwald 0-0: Ball
1-0: Ball
2-0: Called Strike
2-1: DOUBLE (Line Drive, 7LM, EV 100.6 MPH)
Batting: LHB Mike Mentzer 0-0: Called Strike
0-1: Swinging Strike
0-2: Ball
1-2: Strikes out swinging
Pitching: RHP Angelo Radford
Batting: RHB Andy Swaim 0-0: Called Strike
0-1: Foul Ball, location: 2F
0-2: Ball
1-2: Foul Ball, location: 2F
1-2: Strikes out swinging
Batting: RHB Ruben Velasco 0-0: Ball
1-0: Ball
2-0: Ball
3-0: Called Strike
3-1: Called Strike
3-2: Foul Ball, location: 2F
3-2: Foul Ball, location: 2F
3-2: Foul Ball, location: 2F
3-2: Base on Balls
Batting: RHB Katilimomi Kelekolio 0-0: Fielders Choice at 2nd, 5-4 (Groundball, 56, EV 93.1 MPH)
Bottom of the 7th over - 0 runs, 1 hit, 0 errors, 2 left on base; San Diego 1 - Arizona 3
TOP OF THE 8TH
San Diego Padres batting - Pitching for Arizona Diamondbacks : RHP Nick Burcham
Pitching: LHP Mario Valdivia
Batting: RHB Rodolfo Rivera 0-0: Ball
1-0: Called Strike
1-1: Ball
2-1: Ball
3-1: Base on Balls
Batting: LHB Mike Holt 0-0: Ball
1-0: Swinging Strike
1-1: Ball
2-1: Swinging Strike
2-2: Foul Ball, location: 2F
2-2: Foul Ball, location: 2F
2-2: Strikes out swinging
Batting: RHB Dietmar Warmisch 0-0: Foul Ball, location: 2F
0-1: Foul Ball, location: 2F
0-2: Grounds into double play, 4-6-3 (Groundball, 34, EV 93.8 MPH)
Top of the 8th over - 0 runs, 0 hits, 0 errors, 0 left on base; San Diego 1 - Arizona 3
BOTTOM OF THE 8TH
Arizona Diamondbacks batting - Pitching for San Diego Padres : RHP Angelo Radford
Batting: SHB Alec Thorpe 0-0: Called Strike
0-1: Ball
1-1: Ground out 6-3 (Groundball, 6, EV 96.2 MPH)
Batting: SHB Salvador Aragon 0-0: Ball
1-0: SINGLE (Flyball, 6MD, EV 93.1 MPH)
Batting: RHB Zhi-bin Ou-yang 0-0: Ball
1-0: Called Strike
1-1: DOUBLE (Line Drive, 7LD, EV 105.6 MPH)
Salvador Aragon to third
Runner from 3rd tries for Home, SAFE, throw by LF to trailing runner, OUT at third! 7-3-5
Batting: RHB Billy Crookston 0-0: Ball
1-0: Foul Ball, location: 2F
1-1: Ground out 5-3 (Groundball, 56S, EV 66.9 MPH)
Bottom of the 8th over - 1 run, 2 hits, 0 errors, 0 left on base; San Diego 1 - Arizona 4
TOP OF THE 9TH
San Diego Padres batting - Pitching for Arizona Diamondbacks : LHP Mario Valdivia
Pitching: LHP Chris Baran
Batting: SHB Phil Zacharia 0-0: Ball
1-0: Ball
2-0: Foul Ball, location: 2F
2-1: Foul Ball, location: 2F
2-2: Ground out U3 (Groundball, 13, EV 86.2 MPH)
Pinch Hitting: SHB Jerry Luckwell 0-0: Called Strike
0-1: SINGLE (Groundball, 5S, EV 67.5 MPH) (infield hit)
Batting: LHB Ryan Flynn Jr. 0-0: Foul Ball, location: 2F
0-1: Fly out, F8 (Flyball, 8RM, EV 83.1 MPH)
Batting: RHB Chiel Palstermans 0-0: Ball
1-0: Ball
2-0: Called Strike
2-1: Ball
3-1: Foul Ball, location: 2F
3-2: Foul Ball, location: 2F
3-2: Fly out, F7 (Flyball, 78M, EV 90.0 MPH)
Top of the 9th over - 0 runs, 1 hit, 0 errors, 1 left on base; San Diego 1 - Arizona 4
Thursday, December 15th , 2022 - OOTP Baseball 23.9 Build 102